 Dungeon Crawl Stone Soup version 0.29-a0-350-g7790a0e70a (webtiles) character file.

Game seed: 3827760717312654765

789 kevlar127 the Ruffian (level 7, -2/106 HPs)
             Began as a Troll Berserker on Apr 22, 2022.
             Was a Believer of Trog.
             Slain by an ogre
             ... wielding a +0 giant club
              (32 damage)
             ... on level 5 of the Dungeon.
             The game lasted 00:15:42 (4488 turns).

kevlar127 the Ruffian (Troll Berserker)             Turns: 4488, Time: 00:15:43

Health: -2/106     AC:  5    Str: 28    XL:     7   Next: 56%
Magic:  6/6        EV: 10    Int:  3    God:    Trog [**....]
Gold:   95         SH:  0    Dex:  9    Spells: 6/6 levels left

rFire   . . .      SeeInvis .     - Unarmed
rCold   . . .      Faith    .   (no shield)
rNeg    . . .      Spirit   .   a - +0 animal skin
rPois   .          Reflect  .   (helmet restricted)
rElec   .          Harm     .   o - +0 cloak
rCorr   .          Rampage  .   (gloves unavailable)
Will    ++...                   (boots unavailable)
Stlth   ..........              (no amulet)
HPRegen 2.07/turn               (no ring)
MPRegen 0.10/turn               (no ring)

@: berserking, strong-willed, regenerating, very quick
A: large, unfitting armour, claws 3, regeneration 1, shaggy fur 1, tough skin 1
a: Renounce Religion, Berserk, Trog's Hand


You were on level 5 of the Dungeon.
You worshipped Trog.
Trog was pleased with you.
You visited 1 branch of the dungeon, and saw 5 of its levels.

You collected 151 gold pieces.
You spent 56 gold pieces at shops.

Inventory:

Missiles
 g - 213 stones (quivered)
 n - 10 poisoned darts
 v - 4 silver boomerangs
 w - a throwing net
 y - 2 boomerangs
Armour
 a - a +0 animal skin (worn)
 o - a +0 cloak (worn)
Wands
 l - a wand of polymorph (12)
Scrolls
 b - a scroll of noise
 c - a scroll of enchant armour {unknown}
 d - 2 scrolls of amnesia
 f - a scroll of enchant weapon {unknown}
 i - a scroll of holy word {unknown}
 m - a scroll of teleportation {unknown}
 q - a scroll of summoning {unknown}
 r - 2 scrolls of silence {unknown}
 s - a scroll of vulnerability
 t - 2 scrolls of identify
Potions
 e - a potion of cancellation {unknown}
 h - 4 potions of curing {unknown}
 j - a potion of heal wounds {unknown}
 k - a potion of degeneration {unknown}
 p - a potion of might
 u - a potion of brilliance {unknown}
 x - a potion of haste {unknown}


   Skills:
 + Level 4.7 Fighting
 + Level 3.9 Throwing
 - Level 3.0 Dodging
 + Level 5.6 Unarmed Combat


You had 6 spell levels left.
You didn't know any spells.
Your spell library was empty.

Dungeon Overview and Level Annotations

Branches:
Dungeon (5/15)             Temple (0/1) D:4

Altars:

Shops:
D:1 [   D:3 !


Innate Abilities, Weirdness & Mutations

You are too large for most types of armour.
You have claws for hands.
Your natural rate of healing is unusually fast.
You are covered in fur. (AC +1)
You have tough skin. (AC +1)


Message History

No target in view!
No target in view!
No target in view!
There is an open door here.
You see here a howler monkey corpse.
You now have 95 gold pieces (gained 9).
You see here 2 boomerangs.
No target in view!
No target in view!
No target in view!
No target in view!
No target in view!
You open the door.
An ogre comes into view. It is wielding a +0 giant club.
The ogre shouts!
There is an open door here.
The ogre hits you with a +0 giant club!!
You barely miss the ogre. You claw the ogre!
The ogre is heavily wounded.
The ogre hits you with a +0 giant club!!
* * * LOW HITPOINT WARNING * * *
You are too injured to fight recklessly!
You are too injured to fight recklessly!
You are too injured to fight recklessly!
You are too injured to fight recklessly!
You are too injured to fight recklessly!
There is an open door, spattered with blood here.
Your skin crawls.
You feel strong-willed. The ogre attacks as you move away!
The ogre completely misses you. The ogre attacks as you move away!
The ogre hits you with a +0 giant club!
* * * LOW HITPOINT WARNING * * *
Okay, then.
You see here 2 boomerangs.
y - 2 boomerangs A red film seems to cover your vision as you go berserk!
You feel yourself moving faster!
You feel mighty!
The ogre hits you with a +0 giant club!!
You die...

.###.# .# .# #.## ##.# ###
.###..## #... ..# .......#
#..# #.# #+## ####.>#####..#
#.# #...## #.........#..###.#
#.....# #.##..###.#...#..#
##.......
...<..###.#.#....####........
................@O..'........
....#####.#......####........
#.........#####.## ##.......
###.####### #.# #.....# #.#
#.# ###### #.# #.# #.# #.#
#.# #.# #.#


You could see an ogre.

Vanquished Creatures
  Sigmund (D:3)
  2 scorpions (D:4)
  3 wights (D:4)
  2 howler monkeys
  The ghost of Hubjo the Firebug, a weakling DEFE (D:3)
  A hound (D:4)
  An orc priest (D:3)
  3 gnolls (D:4)
  5 adders
  A shadow imp (D:5)
  An ufetubus (D:5)
  2 worms (D:4)
  4 dart slugs
  3 orcs
  6 endoplasms
  2 giant cockroaches
  10 goblins
  5 hobgoblins
  4 jackals (D:4)
  5 quokkas
  6 ball pythons
  6 bats
  3 frilled lizards
  10 kobolds
  6 rats
93 creatures vanquished.

Notes
Turn   | Place    | Note
-------+----------+-------------------------------------------
     0 | D:1      | kevlar127 the Troll Berserker began the quest for the Orb.
     0 | D:1      | Reached XP level 1. HP: 22/22 MP: 0/0
   310 | D:1      | Reached XP level 2. HP: 29/29 MP: 1/1
   567 | D:1      | Found Yklaff's Armour Shop.
  1022 | D:2      | Reached ** piety under Trog
  1051 | D:2      | Reached XP level 3. HP: 36/36 MP: 2/2
  1311 | D:2      | Found a faded altar of an unknown god.
  1363 | D:3      | Noticed Hubjo's ghost (weakling DEFE)
  1383 | D:3      | Reached skill level 1 in Throwing
  1383 | D:3      | Reached XP level 4. HP: 27/45 MP: 3/3
  1398 | D:3      | Found a runed translucent door.
  1678 | D:3      | Found Kaumoklagim's Distillery.
  1695 | D:3      | Bought a potion of might for 56 gold pieces
  2030 | D:3      | Noticed Sigmund
  2038 | D:3      | Killed Sigmund
  2039 | D:3      | Reached skill level 4 in Unarmed Combat
  2039 | D:3      | Reached XP level 5. HP: 49/54 MP: 4/4
  2135 | D:3      | Reached XP level 6. HP: 62/62 MP: 5/5
  2378 | D:4      | Reached skill level 5 in Unarmed Combat
  2501 | D:4      | Reached XP level 7. HP: 68/69 MP: 6/6
  2616 | D:4      | Found a staircase to the Ecumenical Temple.
  3008 | D:3      | Killed Hubjo's ghost
  4302 | D:5      | Entered Level 5 of the Dungeon
  4488 | D:5      | Slain by an ogre

Illustrated notes

Levels and vault maps discovered:
D:1:      scummos_arrival_gate, layout_loops_cross, serial_shops, shop,
          hangedman_decor_peaks_small, bh_walls_and_bars
D:2:      layout_basic, chequers_ecumenical_altar_grove
D:3:      layout_basic, serial_shops, nicolae_square_shop,
          hellmonk_ghost_happy_afterlife, uniq_sigmund
D:4:      layout_rooms, minmay_temple_entry_antechambers, serial_rivers,
          chequers_serial_rivers_room_b, chequers_serial_rivers_micro_c,
          chequers_serial_rivers_small_b, chequers_serial_rivers_small_b,
          chequers_serial_rivers_marsh, chequers_serial_rivers_room_a,
          minmay_circle_x
D:5:      lemuel_insect_pit, layout_loops_corners,
          nicolae_overflow_hidden_temple, nicolae_overflow_crystal_walls,
          uniq_pikel

Skill      XL: |  1  2  3  4  5  6 |
---------------+-------------------+-----
Fighting       | 3 4 |  4.7
Throwing       | 1 2 3 |  3.9
Dodging        | 3 |  3.0
Unarmed Combat | 4 5 |  5.6

Action                   |  1- 3 |  4- 6 |  7- 9 || total
-------------------------+-------+-------+-------++-------
Melee: Unarmed           |   108 |   101 |    66 ||   275
       Punch             |     1 |       |     4 ||     5
Throw: Stone             |       |     3 |       ||     3
Invok: Trog's Hand       |     1 |     1 |     3 ||     5
       Berserk           |       |       |     1 ||     1
  Use: Scroll            |       |       |     3 ||     3
 Stab: Sleeping          |     2 |     1 |       ||     3
Armor: Animal skin       |    36 |    34 |    21 ||    91
Dodge: Dodged            |    54 |    53 |    37 ||   144

Table legend: (Time is in decaauts)
 A = Elapsed time spent in this place.
 B = Non-inter-level travel time spent in this place.
 C = Inter-level travel time spent in this place.
 D = Time resting spent in this place.
 E = Time spent auto-exploring this place.
 F = Levels seen in this place.
 G = Mean time per level.
                   A        B        C        D        E       F      G
               +--------+--------+--------+--------+--------+-----+--------+
         Total |   4475 |   4230 |    245 |   1257 |   2273 |   5 |  895.0 |
       Dungeon |   4475 |   4230 |    245 |   1257 |   2273 |   5 |  895.0 |
               +--------+--------+--------+--------+--------+-----+--------+

Top non-repeatable levels by time:
     D:3: 2069 daAuts
     D:4: 782 daAuts
     D:1: 763 daAuts
     D:2: 675 daAuts
     D:5: 183 daAuts
